 Dungeon Crawl Stone Soup version 0.25.1-2-g60ff931df9 (webtiles) character file.

Game seed: 3501261003504838868

726 LordMara the Ruffian (level 7, -2/67 HPs)
             Began as a Troll Berserker on Sept 9, 2020.
             Was a Priest of Trog.
             Slain by Duvessa
             ... wielding a +0 short sword
              (11 damage)
             ... on level 4 of the Dungeon.
             The game lasted 00:14:14 (2092 turns).

LordMara the Ruffian (Troll Berserker)              Turns: 2092, Time: 00:14:14

Health: -2/67      AC:  6    Str: 28    XL:     7   Next: 44%
Magic:  6/6        EV: 11    Int:  3    God:    Trog [***...]
Gold:   115        SH:  0    Dex:  9    Spells: 6/6 levels left

rFire    . . .     SeeInvis .     - Unarmed
rCold    . . .     Gourm    +   (no shield)
rNeg     . . .     Faith    .   c - +0 robe
rPois    +         Spirit   .   (helmet restricted)
rElec    .         Reflect  .   (no cloak)
rCorr    .         Harm     .   (gloves unavailable)
MR       .....                  (boots unavailable)
Stlth    +.........             (no amulet)
HPRegen  0.61/turn              g - ring of poison resistance
MPRegen  0.10/turn              (no ring)

@: no status effects
A: large, unfitting armour, claws 3, fast metabolism 3, gourmand, regeneration
1, shaggy fur 1, tough skin 3
a: Berserk, Trog's Hand, Renounce Religion


You were on level 4 of the Dungeon.
You worshipped Trog.
Trog was most pleased with you.
You were not hungry.

You visited 2 branches of the dungeon, and saw 5 of its levels.

You collected 115 gold pieces.

Inventory:

Armour
 a - a +0 animal skin
 c - a +0 robe (worn)
 e - a +0 scale mail
Jewellery
 g - a ring of poison resistance (left claw)
 m - an uncursed amulet of the acrobat {unknown}
 r - an uncursed ring of resist corrosion {unknown}
Wands
 j - a wand of flame (8)
 n - a wand of iceblast (6)
 q - a wand of digging (4)
Scrolls
 d - a scroll of identify
 f - 2 scrolls of fog
 h - a scroll of magic mapping
 k - a scroll of enchant armour {unknown}
 l - a scroll of blinking
Potions
 i - a potion of might {unknown}
 o - 2 potions of curing
Comestibles
 b - 9 rations


   Skills:
 + Level 3.4 Fighting
 + Level 4.1 Dodging
 + Level 0.6 Stealth
 + Level 7.0 Unarmed Combat


You had 6 spell levels left.
You didn't know any spells.
Your spell library was empty.

Dungeon Overview and Level Annotations

Branches:
Dungeon (4/15)             Temple (1/1) D:4

Altars:
Cheibriados
Dithmenos
Elyvilon
Fedhas
Gozag
Hepliaklqana
Nemelex Xobeh
Qazlal
Sif Muna
Trog
Wu Jian
Xom
The Shining One

Annotations:
D:4 Duvessa


Innate Abilities, Weirdness & Mutations

You are too large for most types of armour.
You have claws for hands.
Your metabolism is lightning-fast.
You like to eat raw meat.
Your natural rate of healing is unusually fast.
You are covered in fur. (AC +1)
You have extremely tough skin. (AC +3)


Message History

Duvessa hits you with a +0 short sword.
You scratch Duvessa. Your claw misses Duvessa.
Duvessa is almost dead.
Duvessa barely misses you. Duvessa hits you with a +0 short sword!
* * * LOW HITPOINT WARNING * * *
You scratch Duvessa but do no damage.
Duvessa is almost dead.
Duvessa hits you but does no damage.
You barely miss Duvessa.
Duvessa is almost dead.
Duvessa hits you with a +0 short sword.
* * * LOW HITPOINT WARNING * * *
You feel better. Duvessa hits you with a +0 short sword!
* * * LOW HITPOINT WARNING * * *
Duvessa hits you with a +0 short sword.
* * * LOW HITPOINT WARNING * * *
You scratch Duvessa.
Duvessa is almost dead.
Duvessa hits you with a +0 short sword!
You die...

# #...# .....# .. +
+.... ..... ..# #....
.... ..# #.%..##..#
#.# #........# #..
#........##.#
#...#...##e##.#
#.......)@....# ####
##....#.>############
.... ......
##.#..........#
#####.....
#.#.########.#######
'........#
#.#'###....#........
#...#....#
#.....#.##.#########
#...# ##.#
#..[..#.#...........
#...#
#.....#.#..#########
#...# #.....#.#..#


You could see Duvessa (berserk, fast).

Vanquished Creatures
  The ghost of dominus the Cudgeler, an amateur MiFi (D:3)
  A phantom (D:4)
  An ogre (D:4)
  2 big kobolds (D:3)
  Dowan (D:4)
  A hound (D:4)
  3 worker ants (D:4)
  A gnoll (D:1)
  5 adders (D:2)
  An adder skeleton (D:4)
  4 dart slugs
  2 leopard geckos (D:1)
  6 bats
  6 giant cockroaches
  6 hobgoblins
  2 jackals (D:2)
  A quokka (D:3)
  A ball python (D:2)
  5 frilled lizards
  11 goblins
  15 kobolds
  A leopard gecko skeleton (D:2)
  8 rats
85 creatures vanquished.

Vanquished Creatures (others)
  A fungus (D:3)
1 creature vanquished.

Grand Total: 86 creatures vanquished

Notes
Turn   | Place    | Note
-------+----------+-------------------------------------------
     0 | D:1      | LordMara the Troll Berserker began the quest for the Orb.
     0 | D:1      | Reached XP level 1. HP: 22/22 MP: 0/0
   114 | D:1      | Reached XP level 2. HP: 29/29 MP: 1/1
   358 | D:1      | Reached XP level 3. HP: 36/36 MP: 2/2
   378 | D:1      | Reached ** piety under Trog
   692 | D:2      | Reached XP level 4. HP: 44/44 MP: 3/3
   757 | D:2      | Reached skill level 4 in Unarmed Combat
  1128 | D:3      | Reached *** piety under Trog
  1295 | D:3      | Found a snail-covered altar of Cheibriados.
  1432 | D:3      | Found a runed translucent gate.
  1433 | D:3      | Found a runed translucent gate.
  1433 | D:3      | Noticed a big kobold
  1433 | D:3      | Noticed dominus's ghost (amateur MiFi)
  1434 | D:3      | Found a runed translucent gate.
  1435 | D:3      | Noticed a big kobold
  1449 | D:3      | Killed dominus's ghost
  1449 | D:3      | Reached skill level 5 in Unarmed Combat
  1449 | D:3      | Reached XP level 5. HP: 32/53 MP: 4/4
  1449 | D:3      | Reached XP level 6. HP: 37/61 MP: 5/5
  1671 | D:4      | Reached skill level 6 in Unarmed Combat
  1688 | D:4      | Reached XP level 7. HP: 49/67 MP: 6/6
  1700 | D:4      | Found a staircase to the Ecumenical Temple.
  1747 | Temple   | Entered the Ecumenical Temple
  2062 | D:4      | Noticed Dowan
  2063 | D:4      | Noticed Duvessa
  2086 | D:4      | Killed Dowan
  2086 | D:4      | Reached skill level 7 in Unarmed Combat
  2092 | D:4      | Slain by Duvessa

Illustrated notes

Levels and vault maps discovered:
D:1:      dpeg_arrival_renting, layout_basic
D:2:      layout_loops_ring, minmay_puff
D:3:      layout_basic, nicolae_overflow_crystal_walls,
          gammafunk_ghost_nasty_kobolds, grunt_ministairs_11,
          corexii_hall_statues_x
D:4:      layout_basic, minmay_temple_entry_wispy, first_ration, uniq_duvessa
Temple:   regret_index_temple_sphere_string

Skill      XL: |  1  2  3  4  5  6  7 |
---------------+----------------------+-----
Dodging        | 3 4 |  4.1
Unarmed Combat | 5 6 7 |  7.0
Fighting       | 3 |  3.4
Stealth        | |  0.6

Action                   |  1- 3 |  4- 6 |  7- 9 || total
-------------------------+-------+-------+-------++-------
Melee: Unarmed           |    96 |   117 |    33 ||   246
       Punch             |     1 |     1 |       ||     2
  Use: Scroll            |     2 |     4 |       ||     6
       Potion            |       |     3 |     1 ||     4
 Stab: Sleeping          |     2 |       |     1 ||     3
  Eat: Chunk             |     3 |    10 |     3 ||    16
Armor: Animal skin       |    11 |       |       ||    11
       Robe              |    20 |    37 |     7 ||    64
Dodge: Dodged            |    47 |    62 |    18 ||   127
